Map: Zen LE

Players

Reynor

  • Race: Zerg Zerg
  • Spawn Location: 1:00

INnoVation - Winner!

  • Race: Terran Terran
  • Spawn Location: 7:00

Event: Shopify TSL 5

VOD

Have the link to the VOD?

Description

Time

  • Played on: May 31, 2020, 11:04 a.m.
  • Length: 19:45

All games in this series

Show
View Real Time Build Order
Export as new Build Order

Reynor Zerg 

Build Orders: Hatch First 

Get SALT Encoding   

  12  0:00  Drone  
  13  0:12  Overlord  
  13  0:18  Drone  
  14  0:31  Drone x2  
  16  0:49  Hatchery  
  15  0:52  Drone  
  15  0:55  Drone  
  17  0:59  Drone  
  18  1:10  Extractor  
  17  1:16  Drone  
  17  1:18  Spawning Pool  
  17  1:21  Drone  
  18  1:34  Drone  
  19  2:05  Queen x2  
  19  2:08  Zergling x2  
  24  2:09  Zergling x2  
  24  2:13  Zergling x2  
  26  2:17  Zergling x2  
  26  2:22  Overlord  
  27  2:29  Drone  
  28  2:41  Drone x4  
  32  2:47  Metabolic Boost  
  34  3:00  Overlord  
  34  3:02  Drone  
  35  3:07  Drone  
  36  3:20  Hatchery  
  36  3:21  Drone  
  36  3:24  Drone  
  36  3:27  Drone  
  38  3:30  Roach Warren  
  38  3:32  Extractor  
  38  3:33  Drone x2  
  36  3:37  Drone  
  36  3:41  Drone x2  
  39  3:47  Overlord  
  39  3:54  Queen  
  41  4:00  Drone x3  
  44  4:05  Zergling x2  
  40  4:10  Zergling x2  
  40  4:15  Drone  
  39  4:18  Drone x2  
  41  4:24  Roach  
  41  4:25  Roach  
  41  4:29  Roach  
  47  4:32  Roach  
  47  4:35  Roach  
  51  4:39  Overlord  
  51  4:42  Roach  
  51  4:45  Drone  
  54  4:46  Drone  
  55  4:53  Drone x3  
  55  4:59  Lair  
  58  5:04  Drone x2  
  60  5:09  Drone x2  
  60  5:13  Spore Crawler  
  60  5:17  Queen  
  60  5:21  Drone  
  63  5:23  Drone  
  63  5:24  Drone  
  63  5:26  Drone  
  66  5:30  Overlord  
  66  5:33  Overlord  
  66  5:42  Spore Crawler  
  65  5:43  Overlord  
  65  5:47  Overlord  
  65  5:48  Spore Crawler  
  65  5:49  Drone x2  
  66  6:02  Drone x6  
  66  6:03  Drone  
  66  6:04  Drone  
  74  6:11  Glial Reconstitution  
  74  6:13  Queen  
  74  6:16  Drone x2  
  78  6:19  Zergling x4  
  78  6:23  Queen  
  82  6:28  Overlord  
  82  6:31  Evolution Chamber  
  82  6:32  Overseer, Drone  
  82  6:39  Spire  
  82  6:40  Drone x2, Extractor  
  82  6:47  Drone x3  
  82  6:48  Drone  
  82  6:49  Queen, Extractor  
  82  6:51  Drone  
  82  6:52  Drone  
  89  6:54  Overlord  
  89  6:56  Drone  
  89  6:59  Zerg Missile Weapons Level 1  
  90  7:09  Overlord  
  90  7:12  Queen  
  90  7:15  Drone x3  
  94  7:19  Queen  
  90  7:24  Queen, Drone x3  
  91  7:34  Drone x2  
  92  7:46  Drone x5  
  92  7:47  Hatchery  
  92  7:48  Queen  
  92  7:49  Extractor  
  92  7:50  Extractor  
  96  7:54  Corruptor  
  96  7:56  Overlord x2  
  98  8:00  Overlord  
  98  8:10  Overlord  
  98  8:12  Baneling Nest  
  97  8:14  Overlord, Queen  
  97  8:16  Corruptor x3  
  97  8:18  Drone x3  
  97  8:19  Drone  
  109  8:22  Corruptor  
  111  8:27  Corruptor  
  111  8:28  Corruptor  
  111  8:32  Corruptor  
  117  8:35  Corruptor  
  117  8:38  Corruptor  
  121  8:42  Roach x2  
  121  8:44  Drone x2  
  121  8:46  Drone  
  128  8:48  Zerg Flyer Weapons Level 1  
  128  8:49  Drone  
  128  8:50  Drone  
  128  8:52  Overlord  
  130  9:02  Centrifical Hooks  
  130  9:04  Drone x2  
  130  9:05  Drone x4  
  130  9:08  Evolution Chamber  
  130  9:09  Overlord  
  135  9:12  Ravager x4  
  135  9:14  Roach  
  135  9:15  Roach  
  135  9:16  Baneling x2  
  135  9:17  Baneling x3  
  143  9:18  Overlord  
  143  9:19  Ravager  
  144  9:26  Overlord  
  144  9:33  Zergling x16  
  150  9:38  Baneling x6  
  150  9:39  Baneling x3  
  150  9:41  Zergling x16, Roach  
  156  9:47  Corruptor x2  
  156  9:49  Zergling x6  
  156  9:50  Zergling x2  
  158  9:53  Zergling x2, Roach  
  158  9:57  Zergling x4, Roach  
  152  10:01  Roach  
  152  10:04  Zergling x2  
  152  10:06  Zergling x6, Roach  
  150  10:12  Drone x2  
  152  10:17  Ravager x2  
  152  10:18  Ravager x3  
  152  10:19  Baneling x2  
  152  10:20  Drone x3  
  160  10:22  Extractor  
  160  10:24  Hatchery  
  160  10:25  Ravager  
  160  10:26  Roach, Extractor  
  160  10:27  Roach  
  162  10:30  Baneling  
  162  10:31  Zergling x2  
  162  10:32  Zergling x2  
  162  10:34  Baneling x3  
  158  10:38  Baneling x2  
  158  10:39  Zergling x12  
  158  10:40  Queen  
  158  10:42  Zergling x4, Roach  
  165  10:46  Zergling x12  
  165  10:49  Zergling x4, Roach  
  168  10:52  Baneling x8  
  168  10:57  Zerg Melee Weapons Level 1  
  168  11:05  Overlord x3  
  168  11:06  Zerg Missile Weapons Level 2  
  157  11:18  Overlord  
  157  11:21  Zergling x20, Roach  
  154  11:25  Zergling x2  
  154  11:26  Zergling x4  
  154  11:30  Zergling x4  
  156  11:33  Baneling x2  
  156  11:34  Ravager x2  
  156  11:37  Zergling x10  
  163  11:43  Zergling x16, Roach  
  163  11:44  Baneling  
  163  11:45  Baneling x18  
  167  11:49  Zergling x4  
  169  11:55  Drone x3  
  169  12:00  Infestation Pit  
  171  12:05  Corruptor x2  
  175  12:08  Baneling x2  
  175  12:09  Baneling x5  
  176  12:15  Zergling x12  
  176  12:16  Zergling x2  
  176  12:18  Overlord  
  179  12:24  Hatchery  
  161  12:32  Zergling x24, Roach  
  161  12:36  Zergling x6  
  170  12:39  Zergling x6  
  170  12:42  Corruptor  
  156  12:48  Corruptor x2  
  159  12:53  Hive  
  159  12:55  Ravager  
  157  13:09  Hatchery  
  157  13:11  Zergling x6, Roach  
  157  13:12  Zergling x12  
  157  13:18  Zergling x10, Roach  
  141  13:22  Corruptor  
  141  13:26  Zergling x8  
  130  13:33  Baneling  
  130  13:34  Baneling x9  
  130  13:37  Baneling x10  
  130  13:38  Baneling x2  
  130  13:42  Corruptor  
  130  13:43  Corruptor  
  130  13:48  Roach x3  
  138  13:54  Ravager x2  
  142  13:56  Baneling x6  
  142  13:57  Zergling x8  
  142  14:00  Corruptor  
  147  14:06  Zergling x6, Roach  
  142  14:17  Zergling x12  
  142  14:21  Queen  
  142  14:23  Zergling x6, Roach  
  138  14:34  Ravager x3  
  138  14:36  Zergling x6, Roach x2  
  144  14:40  Drone  
  144  14:42  Zerg Melee Weapons Level 2, Drone x2  
  144  14:44  Baneling x9  
  144  14:45  Drone  
  148  14:48  Ravager  
  148  14:49  Drone x2  
  148  14:52  Baneling x3  
  151  14:53  Zergling x2, Roach  
  154  15:00  Zergling x2  
  154  15:01  Zergling x4  
  154  15:04  Zergling x4  
  154  15:05  Zergling x4  
  154  15:06  Ravager x2  
  163  15:12  Zergling x4, Roach  
  163  15:13  Zergling x2  
  168  15:16  Drone x4  
  168  15:18  Corruptor x2  
  168  15:20  Greater Spire  
  172  15:27  Queen  
  174  15:30  Drone x3  
  174  15:31  Overlord, Drone  
  176  15:38  Baneling x17  
  176  15:39  Baneling x7  
  174  15:44  Zergling x8, Roach  
  143  16:07  Zergling x26  
  136  16:13  Infestor x3  
  136  16:14  Infestor x2  
  136  16:17  Ravager  
  136  16:18  Hatchery  
  146  16:21  Drone x2  
  146  16:23  Queen  
  148  16:40  Drone x3  
  151  16:52  Brood Lord  
  151  16:53  Brood Lord x6  
  151  16:54  Corruptor  
  165  16:58  Corruptor  
  169  17:04  Corruptor  
  169  17:06  Corruptor  
  173  17:12  Corruptor  
  174  17:24  Overlord x2  
  174  17:30  Neural Parasite  
  174  17:36  Baneling x8  
  174  17:39  Corruptor x2  
  174  17:43  Drone x4  
  179  17:51  Corruptor  
  172  18:09  Corruptor x3  
  170  18:13  Infestor x2  
  170  18:17  Zergling x10  
  155  18:32  Zergling x12  
  144  18:43  Infestor x3  
  150  18:53  Brood Lord  
  152  19:03  Corruptor  
  143  19:21  Zergling x12  
Show
View Real Time Build Order
Export as new Build Order

INnoVation Terran - Winner!

Build Orders: Hellion Opening, Reaper Expand 

Get SALT Encoding   

  12  0:00  SCV  
  13  0:13  SCV  
  14  0:17  Supply Depot  
  14  0:25  SCV  
  15  0:38  SCV  
  15  0:39  Barracks  
  16  0:43  Refinery  
  16  0:50  SCV  
  17  1:03  SCV  
  18  1:15  SCV  
  19  1:26  Reaper  
  19  1:28  Orbital Command  
  19  1:29  Bunker  
  20  1:46  Command Center  
  20  1:54  SCV  
  21  1:59  Supply Depot  
  21  2:00  Marine  
  22  2:06  SCV  
  23  2:12  Factory  
  23  2:17  Refinery  
  23  2:20  SCV  
  23  2:22  Barracks Reactor  
  24  2:32  SCV  
  25  2:44  SCV  
  26  2:57  SCV, Orbital Command, Starport  
  27  3:02  Hellion x2  
  31  3:06  Barracks Tech Lab  
  31  3:09  SCV  
  32  3:21  SCV  
  32  3:24  SCV, Hellion x2  
  38  3:30  Supply Depot  
  38  3:34  Fusion Core  
  38  3:36  SCV x2  
  40  3:47  Hellion x2  
  44  3:49  SCV x2  
  46  3:57  Supply Depot  
  46  4:01  SCV x2  
  47  4:08  Hellion x2  
  43  4:19  SCV  
  43  4:20  SCV  
  43  4:21  Battlecruiser  
  51  4:24  Bunker  
  51  4:26  Marine  
  52  4:34  Hellion x2, Supply Depot  
  52  4:37  SCV  
  52  4:38  SCV  
  58  4:44  Marine  
  59  4:46  Weapon Refit  
  59  4:49  Supply Depot  
  59  4:50  SCV  
  59  4:51  SCV  
  61  5:01  Marine  
  61  5:03  SCV x2  
  64  5:08  Command Center  
  64  5:10  Refinery  
  64  5:13  Refinery  
  58  5:16  SCV x2  
  60  5:28  SCV x2  
  60  5:29  Hellion x2  
  64  5:40  Battlecruiser  
  70  5:43  SCV x2  
  70  5:47  Supply Depot  
  72  5:50  Hellion x2  
  72  5:56  SCV x2  
  78  6:04  Supply Depot  
  78  6:10  Supply Depot  
  78  6:12  Factory  
  78  6:13  Factory  
  78  6:20  SCV x2, Hellion x2  
  78  6:21  Orbital Command  
  84  6:29  Armory x2  
  84  6:32  SCV x2  
  86  6:45  SCV x2, Supply Depot  
  86  6:46  Battlecruiser  
  94  6:51  Orbital Command  
  96  6:54  Hellion x2  
  96  6:59  SCV x2  
  100  7:08  Supply Depot  
  100  7:09  Supply Depot  
  100  7:11  SCV x2, Factory Tech Lab x2  
  100  7:12  Refinery x2  
  102  7:18  SCV  
  102  7:19  Terran Vehicle Weapons Level 1, Terran Vehicle And Ship Armor Level 1  
  103  7:23  SCV x2  
  105  7:30  SCV  
  105  7:34  Cyclone x2  
  105  7:35  SCV x2  
  105  7:37  Mag-Field Accelerator  
  114  7:43  SCV  
  115  7:47  SCV x2  
  115  7:50  Supply Depot  
  117  7:59  Barracks Reactor, Factory  
  117  8:01  SCV x3, Factory  
  117  8:04  Engineering Bay  
  120  8:05  Supply Depot  
  120  8:06  Cyclone x2  
  126  8:12  Supply Depot  
  126  8:13  Supply Depot  
  126  8:24  Command Center  
  126  8:27  Starport Reactor  
  126  8:30  Hellion x2, Infernal Pre-Igniter  
  126  8:31  Missile Turret  
  126  8:33  Missile Turret  
  130  8:35  Missile Turret  
  130  8:38  Cyclone x2  
  136  8:41  Supply Depot  
  136  8:46  Cyclone  
  139  8:51  Hellion x2  
  139  8:53  Supply Depot  
  143  8:56  Hellion  
  143  8:57  Hellion  
  147  9:10  Cyclone x2  
  147  9:13  Hellion x2  
  147  9:15  Terran Vehicle Weapons Level 2  
  157  9:17  Terran Vehicle And Ship Armor Level 2  
  157  9:18  Hellion x2, Cyclone  
  164  9:25  Supply Depot  
  164  9:34  Hellion x2  
  166  9:39  Hellion x2  
  170  9:49  Cyclone x2  
  170  9:50  Cyclone  
  179  9:55  Hellion  
  179  9:56  Hellion  
  167  10:01  Hellion x2  
  167  10:05  SCV x3  
  164  10:13  Planetary Fortress, Factory x2  
  164  10:15  Factory  
  164  10:17  SCV x3  
  167  10:24  Cyclone x2  
  167  10:25  Hellion, Refinery  
  167  10:26  Hellion x2  
  179  10:32  Refinery  
  173  10:43  Smart Servos  
  173  10:47  SCV x3, Cyclone  
  173  10:49  Hellion x2  
  175  10:56  Cyclone  
  178  10:59  Cyclone  
  178  11:01  Factory Tech Lab  
  178  11:02  Factory Tech Lab  
  178  11:03  Factory Reactor  
  181  11:08  Command Center  
  181  11:09  Hellion  
  181  11:19  Cyclone  
  163  11:27  Cyclone x2  
  163  11:28  Cyclone  
  163  11:29  Hellion  
  163  11:31  Cyclone  
  177  11:37  Terran Vehicle Weapons Level 3  
  177  11:52  Cyclone  
  180  11:54  Terran Vehicle And Ship Armor Level 3  
  180  11:56  Hellion x5  
  180  12:00  SCV x4  
  180  12:01  Cyclone x2  
  200  12:15  Unknown  
  200  12:18  Missile Turret  
  186  12:35  Cyclone  
  186  12:36  Cyclone x3  
  186  12:37  Hellion x4  
  186  12:39  Planetary Fortress  
  186  12:40  SCV x4  
  186  12:42  Cyclone  
  167  12:48  Hellion  
  167  12:50  Hellion  
  167  12:58  Hellion  
  167  13:01  Command Center  
  167  13:08  Cyclone x4  
  179  13:18  Cyclone  
  178  13:20  Hellion  
  175  13:27  Hellion x4  
  177  13:37  SCV x4  
  177  13:40  Hellion, Cyclone x4  
  197  13:41  Hellion  
  199  13:48  Hellion  
  199  13:57  SCV  
  200  14:03  Hi-Sec Auto Tracking  
  200  14:08  Missile Turret  
  175  14:17  Command Center  
  175  14:19  Cyclone x4  
  175  14:22  Hellion x5  
  180  14:29  Planetary Fortress  
  180  14:30  SCV x3  
  180  14:31  SCV x2  
  164  14:36  Cyclone  
  164  14:37  Hellion  
  163  14:42  SCV x2  
  163  14:43  SCV, Hellion x5  
  176  14:47  Liberator x2  
  176  14:51  Cyclone x4  
  194  14:59  Hellion  
  196  15:00  Neosteel Armor  
  196  15:03  Terran Ship Weapons Level 1  
  196  15:04  Hellion x2  
  200  15:13  Command Center x2  
  200  15:16  Missile Turret  
  194  15:22  Cyclone  
  194  15:23  Hellion  
  199  15:38  Planetary Fortress  
  199  15:40  Refinery  
  197  15:42  Refinery  
  197  15:45  Cyclone  
  197  15:47  Command Center  
  197  15:48  Command Center  
  200  16:01  Cyclone  
  200  16:02  Cyclone x3  
  200  16:03  Hellion, Liberator x2  
  193  16:04  Hellion x3  
  158  16:16  Hellion x2, Refinery  
  158  16:17  Cyclone  
  159  16:24  Hellion  
  165  16:25  Hellion, Advanced Ballistics  
  165  16:26  Hellion x2  
  165  16:28  Starport x2  
  165  16:32  Orbital Command x2  
  167  16:34  Cyclone x4  
  167  16:37  Hellion  
  181  16:46  Liberator x2  
  189  16:47  Hellion x3  
  189  16:48  Hellion  
  189  16:49  Cyclone  
  198  16:58  Refinery  
  198  17:04  Starport Reactor x2, Orbital Command  
  198  17:10  Orbital Command  
  198  17:12  Command Center  
  198  17:18  Terran Ship Weapons Level 2  
  198  17:20  Command Center  
  198  17:25  Factory  
  198  17:26  Factory x2  
  198  17:28  Factory x2  
  198  17:31  Factory  
  198  17:40  Command Center  
  195  18:04  Thor  
  195  18:08  Thor  
  195  18:24  Thor  
  195  18:25  Viking x4, Thor  
  195  18:26  Factory Tech Lab x6  
  192  18:27  Thor  
  180  18:37  Planetary Fortress  
  180  18:41  Command Center  
  178  18:42  Command Center  
  178  18:43  Command Center x2  
  178  18:45  Viking x2, Command Center  
  178  18:46  Thor x3  
  178  18:47  Command Center  
Tags
 
Add a new tag
Caveats
  • Supply blocks, unpowered buildings, or Contaminate may cause inaccurate times.
  • Supply counts are checked every 10 seconds.